 Dungeon Sprint DCSS version 0.19.4 (webtiles) character file.

520814 Groucho the End of an Era (level 20, 197/197 HPs)
             Began as a Demonspawn Fighter on Jan 31, 2017.
             Was the Champion of Qazlal.
             Escaped with the Orb!
             The game lasted 00:21:38 (5194 turns).

Groucho the End of an Era (Demonspawn Fighter)      Turns: 5194, Time: 00:21:39

Health: 197/197    AC: 47    Str: 25    XL:     20   Next: 4%
Magic:  37/37      EV: 20    Int: 10    God:    Qazlal [******]
Gold:   0          SH: 46    Dex: 27    Spells: 0 memorised, 19 levels left

rFire  + + +     SeeInvis +     b - +14 obsidian axe {chop, +Fly SInv *Curse} (curse)
rCold  + + .     Gourm    .     a - +12 gold dragon scales
rNeg   + . .     Faith    .     l - +18 shield of the Gong {rElec rN+ MR+ EV-5}
rPois  +         Spirit   .     R - +2 helmet {SInv}
rElec  +         Reflect  .     M - +2 cloak {+Inv}
rCorr  .         Harm     .     (gloves unavailable)
MR     ++...     NoTele   +     (no boots)
Stlth  ..........               K - amulet of magic regeneration
                                Q - ring of Fun {rC+ Str+4 SInv}
                                S - ring "Dizeegh" {Wiz rF++ Str+4}

@: studying Axes, repel missiles
A: claws 3, thin skeletal structure 3, nightstalker 2, spiny 2
a: Upheaval, Elemental Force, Disaster Area, Renounce Religion, Evoke
Invisibility, Evoke Flight
0: Orb of Zot


You escaped.
You worshipped Qazlal.
Qazlal was exalted by your worship.
You were not hungry.

You visited 1 branch

Inventory:

Hand Weapons
 b - the cursed +14 obsidian axe (weapon) {chop, +Fly SInv *Curse}
   (You found it in the Dungeon)

   It inflicts extra damage upon your enemies.
   It lets you see invisible.
   It lets you fly.
   It may re-curse itself when equipped.
   It has a curse placed upon it.
 N - the +7 sceptre of Asmodeus
   (You took it off Asmodeus in the Dungeon)
Armour
 a - +12 gold dragon scales (worn)
 c - the +15 Maxwell's patent armour {-Cast -Tele rElec MR+ rCorr}
   (You found it in the Dungeon)

   It insulates you from electricity.
   It affects your resistance to hostile enchantments.
   It prevents spellcasting.
   It prevents most forms of teleportation.
   It protects you from acid and corrosion.
 l - the +18 shield of the Gong (worn) {rElec rN+ MR+ EV-5}
   (You found it in the Dungeon)

   It affects your evasion (-5).
   It insulates you from electricity.
   It protects you from negative energy.
   It affects your resistance to hostile enchantments.
 L - a +2 pair of gloves of strength
 M - a +2 cloak of invisibility (worn)
 R - a +2 helmet of see invisible (worn)
 Z - the +2 pair of boots "Jiewapn" {rC+ MP-9 Str+8}
   (You found it in the Dungeon)

   It affects your strength (+8).
   It protects you from cold.
   It affects your magic capacity (-9).
Jewellery
 m - the ring "Eterujam" {*Corrode +Fly rF+ rC+++ Dex+8}
   (You took it off a vampire in the Dungeon)

   [ring of flight]

   It affects your dexterity (+8).
   It protects you from fire.
   It renders you almost immune to cold.
   It lets you fly.
   It may corrode you when you take damage.
 o - the ring of Ezovveot {+Fly rPois Slay+3}
   (You took it off an entropy weaver in the Dungeon)

   [ring of poison resistance]

   It affects your accuracy and damage with ranged weapons and melee attacks
   (+3).
   It protects you from poison.
   It lets you fly.
 r - the amulet "Miulug" {*Slow rC++ Regen+ Str+2 Int+3}
   (You took it off a red devil in the Dungeon)

   [amulet of regeneration]

   It affects your strength (+2).
   It affects your intelligence (+3).
   It greatly protects you from cold.
   It increases your rate of regeneration.
   It may slow you when you take damage.
 K - an amulet of magic regeneration (around neck)
 Q - the ring of Fun (right claw) {rC+ Str+4 SInv}
   (You found it in the Dungeon)

   [ring of see invisible]

   It affects your strength (+4).
   It protects you from cold.
   It lets you see invisible.
 S - the ring "Dizeegh" (left claw) {Wiz rF++ Str+4}
   (You took it off a spriggan air mage in the Dungeon)

   [ring of wizardry]

   It improves your spell success rate.
   It affects your strength (+4).
   It greatly protects you from fire.
 T - the amulet "Benwix" {Faith rC+ SInv}
   (You took it off an orc high priest in the Dungeon)

   [amulet of faith]

   It allows you to gain divine favour quickly.
   It protects you from cold.
   It lets you see invisible.
 V - the ring "Aqeshrue" {rF++ Int+3 Stlth-}
   (You found it in the Dungeon)

   [ring of loudness]

   It affects your intelligence (+3).
   It greatly protects you from fire.
   It makes you less stealthy.
 X - an uncursed ring of positive energy
 Y - a +4 ring of intelligence
Wands
 s - a wand of disintegration (0/24)
 t - a wand of iceblast (5/15)
 u - a wand of lightning (5/15)
 v - a wand of acid (4/15)
 O - a wand of heal wounds (5/9)
Scrolls
 k - 4 scrolls of blinking
 q - 8 scrolls of enchant weapon
 y - 4 scrolls of amnesia
 C - 4 scrolls of recharging
 D - 8 scrolls of fog
 E - 5 scrolls of identify
 F - 5 scrolls of remove curse
 G - 2 scrolls of fear
 J - 3 scrolls of enchant armour
 P - 10 scrolls of brand weapon
Potions
 d - 4 potions of might
 e - 11 potions of curing
 g - 15 potions of heal wounds
 h - 8 potions of haste
 i - 7 potions of magic
 j - 3 potions of berserk rage
 n - a potion of flight {unknown}
 w - 4 potions of brilliance
 x - a potion of invisibility
 z - 2 potions of resistance
 B - 4 potions of agility
 U - a potion of degeneration {unknown}
 W - a potion of mutation {unknown}
Books
 p - a manual of Axes
Comestibles
 f - 5 bread rations
 H - 41 fruits
 I - 2 meat rations


   Skills:
 O Level 27 Fighting
 - Level 20.7 Axes
 O Level 27 Armour
 + Level 23.5 Dodging
 O Level 27 Shields
 O Level 27 Invocations


You had 19 spell levels left.
You didn't know any spells.

Dungeon Overview and Level Annotations

Branches:
Dungeon (1/1)

Altars:
Ashenzari
Cheibriados
Dithmenos
Elyvilon
Fedhas
Gozag
Hepliaklqana
Kikubaaqudgha
Makhleb
Nemelex Xobeh
Okawaru
Qazlal
Ru
Sif Muna
Trog
Uskayaw
Vehumet
Xom
Yredelemnul
Zin
The Shining One
Beogh
Jiyva
Lugonu


Innate Abilities, Weirdness & Mutations

You have claws for hands.
You have an unnaturally thin skeletal structure. (Dex +6, Stealth++)
You are significantly more attuned to the shadows.
You are mostly covered in sharp spines.


Message History

This wand has 1 charge left.
Evoke which item? (* to show all) (? for menu, Esc to quit)
Zapping:
s - a wand of disintegration (1/24)
Press: ? - help, Shift-Dir - straight line You hear a grinding noise.
This wand has 0 charges left.
Evoke which item? (* to show all) (? for menu, Esc to quit)
Okay, then.
As you read the scroll of enchant armour, it crumbles to dust.
Your +1 pair of gloves of strength glows green for a moment.
Okay, then.
There is a staircase leading out of the dungeon here.
You feel more experienced!
You have reached level 20!
You feel agile.
Your demonic ancestry asserts itself...
Your hands twist into claws.
Your +2 pair of gloves of strength falls away!
You feel weaker.
Unknown command.
You have escaped!

............▓..▓.......▓..▓...8©8
............▓.▓▓▓.....▓▓▓.▓..).).
............▓..▓.......▓..▓..)).[
............▓.............▓...)..
............▓.............▓..))..
............▓▓▓▓▓▓▓▓▓▓▓▓▓▓▓..)...
▓.......▓...▓888888......8▓..).).
.▓.....▓.▓..▓8....§......8▓......
▓....)..▓...▓8.§@§.......8▓.▓....
..)|))......▓8...........8▓......
..).)=......▓8888888888888▓▓▓▓▓▓▓
▓▓▓▓▓▓▓▓▓▓▓▓▓▓▓▓▓▓▓▓▓▓▓▓▓▓▓▓▓▓▓▓▓
.....8©8........▓........8©8.....
.)|):.[:.|".....▓.["..)}.}|.:).|[
|..)|||}.)..:.}.▓..:[|.)..)=..}.}
...[.)).).).:)).▓..}})[.}|..)}:.|
................▓.....=.):.:.....


There were no monsters in sight!

Vanquished Creatures
  Antaeus (D)
  Asmodeus (D)
  Ignacio (D)
  the Serpent of Hell (D)
  Khufu (D)
  Mara (D)
  An ancient lich (D)
  Sojobo (D)
  Boris (D)
  Margery (D)
  the Lernaean hydra (D)
  Saint Roka (D)
  Nikola (D)
  the Enchantress (D)
  Nellie (D)
  6 liches (D)
  3 acid blobs (D)
  Gastronok (D)
  Polyphemus (D)
  2 thorn hunters (D)
  Chuck (D)
  A shadow dragon (D)
  Kirke (D)
  Agnes (D)
  2 azure jellies (D)
  2 orc warlords (D)
  2 ghost moths (D)
  Aizul (D)
  A draconian shifter (D)
  9 ghouls (D)
  3 reapers (D)
  2 spriggan defenders (D)
  A draconian caller (D)
  An entropy weaver (D)
  An apis (D)
  A stone giant (D)
  3 yellow draconians (D)
  A green draconian (D)
  4 dire elephants (D)
  16 vampire knights (D)
  2 red draconians (D)
  A spark wasp (D)
  3 mottled draconians (D)
  Snorg (D)
  Josephine (D)
  4 death oozes (D)
  2 yaktaur captains (D)
  A great orb of eyes (D)
  6 vault guards (D)
  Erolcha (D)
  4 catoblepae (D)
  6 spriggan air magi (D)
  9 hydras (D)
  Erica (D)
  3 dancing weapons (D)
  A hell hog (D)
  6 spriggan berserkers (D)
  3 orc high priests (D)
  A deep elf knight (D)
  Urug (D)
  6 vampire magi (D)
  Nergalle (D)
  3 spriggans (D)
  13 skeletal warriors (D)
  A flayed ghost (D)
  A shambling mangrove (D)
  Pikel (D)
  A deep elf archer (D)
  14 necromancers (D)
  10 orc knights (D)
  2 orb spiders (D)
  2 orc sorcerers (D)
  6 wolf spiders (D)
  2 deep elf magi (D)
  6 draconians (D)
  2 moths of wrath (D)
  3 elephants (D)
  Psyche (D)
  8 black mambas (D)
  3 spiny frogs (D)
  4 komodo dragons (D)
  A dryad (D)
  A hellion (D)
  3 demonic crawlers (D)
  4 rime drakes (D)
  A tormentor (D)
  An efreet (D)
  4 red devils (D)
  3 trolls (D)
  A wind drake (D)
  A polar bear (D)
  6 jumping spiders (D)
  Grinder (D)
  14 hornets (D)
  2 blink frogs (D)
  10 slime creatures (D)
  10 hippogriffs (D)
  A dream sheep (D)
  2 flying skulls (D)
  11 redbacks (D)
  4 tarantellas (D)
  A water elemental (D)
  18 shadows (D)
  A wyvern (D)
  Sigmund (D)
  11 vampires (D)
  4 wraiths (D)
  A fire elemental (D)
  A human (shapeshifter) (D)
  Eustachio (D)
  3 yaks (D)
  A golden eye (D)
  Menkaure (D)
  2 nagas (D)
  A small abomination (D)
  Edmund (D)
  3 porcupines (D)
  A floating eye (D)
  Duvessa (D)
  Purgy (D)
  3 hell hounds (D)
  5 water moccasins (D)
  7 orc warriors (D)
  An eye of draining (D)
  A phantom (D)
  3 wolves (D)
  10 necrophages (D)
  3 ogres (D)
  A wolf (shapeshifter) (D)
  A boggart (shapeshifter) (D)
  5 crocodiles (D)
  Blork the orc (D)
  A bullfrog (D)
  An earth elemental (D)
  15 wights (D)
  6 jellies (D)
  2 quasits (D)
  3 orc priests (D)
  An iron imp (D)
  Jessica (D)
  An iguana (D)
  An orc wizard (D)
  2 river rats (D)
  A shadow imp (D)
  A white imp (D)
  5 oozes (D)
  9 adder skeletons (D)
  9 adder zombies (D)
  6 bat skeletons (D)
  7 bat zombies (D)
  A jackal (D)
  A ball python (D)
  A ball python skeleton (D)
  2 ball python zombies (D)
  2 giant cockroach zombies (D)
  4 leopard gecko skeletons (D)
  3 leopard gecko zombies (D)
  3 quokka skeletons (D)
  A quokka zombie (D)
495 creatures vanquished.

Vanquished Creatures (collateral kills)
  A vampire mage (D)
  A deep elf knight (D)
  A necrophage (D)
  A wight (D)
  A river rat (D)
  2 adders (D)
  An adder zombie (D)
  A ball python zombie (D)
9 creatures vanquished.

Vanquished Creatures (others)
  Dowan (D)
  A wight (D)
  Crazy Yiuf (D)
3 creatures vanquished.

Grand Total: 507 creatures vanquished

Notes
Turn   | Place    | Note
-------+----------+-------------------------------------------
     0 | D        | Groucho the Demonspawn Fighter began the quest for the Orb.
     0 | D        | Reached XP level 1. HP: 18/18 MP: 1/1
     2 | D        | Killed Crazy Yiuf
    16 | D        | Found a blossoming altar of Fedhas.
    17 | D        | Found a viscous altar of Jiyva.
    17 | D        | Found a hazy altar of Hepliaklqana.
    17 | D        | Found an opulent altar of Gozag.
    17 | D        | Found an ancient bone altar of Kikubaaqudgha.
    17 | D        | Found a corrupted altar of Lugonu.
    23 | D        | Found a burning altar of Makhleb.
    24 | D        | Found an iron altar of Okawaru.
    24 | D        | Found a stormy altar of Qazlal.
    24 | D        | Found a sparkling altar of Nemelex Xobeh.
    24 | D        | Found a sacrificial altar of Ru.
    24 | D        | Found a deep blue altar of Sif Muna.
    44 | D        | Found a bloodstained altar of Trog.
    55 | D        | Became a worshipper of Qazlal Stormbringer
    77 | D        | Entered arena 1.
    77 | D        | Noticed a water moccasin
    77 | D        | Noticed a wolf
    79 | D        | Killed a wolf
    79 | D        | Gained mutation: You are partially covered in sharp spines. [demonic ancestry]
    79 | D        | Reached XP level 2. HP: 26/26 MP: 1/5
    79 | D        | Gained mutation: You have sharp fingernails. [demonic ancestry]
    79 | D        | Reached XP level 3. HP: 31/31 MP: 1/6
    79 | D        | Reached XP level 4. HP: 38/38 MP: 1/7
    80 | D        | Noticed a boggart
    80 | D        | a water moccasin changed into a boggart
    83 | D        | Killed a boggart
    83 | D        | Reached skill level 5 in Fighting
    83 | D        | Reached skill level 5 in Armour
    83 | D        | Reached skill level 5 in Shields
    83 | D        | Reached skill level 5 in Invocations
    83 | D        | Reached XP level 5. HP: 44/44 MP: 1/9
   442 | D        | Entered arena 2.
   442 | D        | Noticed a porcupine
   445 | D        | Reached * piety under Qazlal
   446 | D        | Killed a porcupine
   446 | D        | Reached skill level 5 in Axes
   446 | D        | Reached XP level 6. HP: 53/53 MP: 9/11
   462 | D        | Entered arena 3.
   462 | D        | Noticed a small abomination
   462 | D        | Noticed an efreet
   465 | D        | Reached ** piety under Qazlal
   466 | D        | Killed an efreet
   466 | D        | Gained mutation: You have a somewhat thin skeletal structure. (Dex +2, Stealth) [demonic ancestry]
   466 | D        | Reached XP level 7. HP: 60/60 MP: 11/13
   473 | D        | Entered arena 4.
   473 | D        | Noticed a deep elf knight
   473 | D        | Noticed a deep elf archer
   473 | D        | Noticed a human
   473 | D        | Noticed a deep elf mage
   477 | D        | Killed a human
   477 | D        | Reached *** piety under Qazlal
   480 | D        | Killed a deep elf archer
   480 | D        | Reached skill level 10 in Invocations
   480 | D        | Reached XP level 8. HP: 70/70 MP: 13/15
   480 | D        | Killed a deep elf knight
   481 | D        | Killed a deep elf mage
   481 | D        | Reached **** piety under Qazlal
   481 | D        | Gained mutation: You have very sharp fingernails. [demonic ancestry]
   481 | D        | Reached XP level 9. HP: 78/78 MP: 13/17
   498 | D        | Entered arena 5.
   503 | D        | Reached skill level 10 in Fighting
   505 | D        | Reached ***** piety under Qazlal
   511 | D        | Entered arena 6.
   511 | D        | Noticed a draconian
   511 | D        | Noticed a draconian
   511 | D        | Noticed a draconian
   511 | D        | Noticed a draconian
   511 | D        | Noticed a draconian
   511 | D        | Noticed a draconian
   518 | D        | Killed a draconian
   519 | D        | Killed a draconian
   520 | D        | Killed a draconian
   521 | D        | Killed a draconian
   521 | D        | Reached skill level 10 in Armour
   521 | D        | Reached skill level 10 in Shields
   521 | D        | Killed a draconian
   521 | D        | Reached skill level 10 in Axes
   521 | D        | Gained mutation: You are slightly more attuned to the shadows. [demonic ancestry]
   521 | D        | Reached XP level 10. HP: 87/87 MP: 18/20
   526 | D        | Killed a draconian
   534 | D        | Entered arena 7.
   539 | D        | Reached ****** piety under Qazlal
   551 | D        | Entered arena 8.
   573 | D        | Entered arena 9.
   573 | D        | Noticed a black mamba
   574 | D        | Noticed a black mamba
   574 | D        | Noticed a black mamba
   577 | D        | Killed a black mamba
   579 | D        | Killed a black mamba
   580 | D        | Killed a black mamba
   590 | D        | Entered arena 10.
   590 | D        | Noticed a deep elf mage
   590 | D        | Noticed a dire flail of protection
   591 | D        | Noticed an orc high priest
   591 | D        | Noticed a trident of venom
   591 | D        | Noticed a deep elf knight
   591 | D        | Noticed a trident of piercing
   595 | D        | Killed a dire flail of protection
   595 | D        | Reached skill level 15 in Invocations
   595 | D        | Killed a deep elf knight
   595 | D        | Reached XP level 11. HP: 71/96 MP: 20/22
   595 | D        | Killed a trident of piercing
   595 | D        | Killed a deep elf mage
   595 | D        | Killed an orc high priest
   595 | D        | Killed a trident of venom
   823 | D        | Entered arena 11.
   824 | D        | Noticed a shadow dragon
   824 | D        | Noticed a stone giant
   824 | D        | Noticed a vault guard
   824 | D        | Noticed a yaktaur captain
   825 | D        | Noticed a vault guard
   825 | D        | Noticed a vault guard
   825 | D        | Noticed a vault guard
   826 | D        | Noticed a vault guard
   826 | D        | Noticed a yaktaur captain
   826 | D        | Noticed a vault guard
   828 | D        | Killed a vault guard
   828 | D        | Killed a yaktaur captain
   828 | D        | Killed a vault guard
   828 | D        | Killed a vault guard
   835 | D        | Killed a vault guard
   836 | D        | Killed a vault guard
   837 | D        | Killed a vault guard
   837 | D        | Killed a yaktaur captain
   837 | D        | Gained mutation: You are mostly covered in sharp spines. [demonic ancestry]
   837 | D        | Reached XP level 12. HP: 39/106 MP: 18/24
   840 | D        | Killed a stone giant
   843 | D        | Killed a shadow dragon
   889 | D        | Entered arena 12.
   890 | D        | Noticed a red draconian
   890 | D        | Noticed a mottled draconian
   890 | D        | Noticed a yellow draconian
   890 | D        | Noticed a black draconian shifter
   890 | D        | Noticed a red draconian
   890 | D        | Noticed a mottled draconian
   890 | D        | Noticed a green draconian
   890 | D        | Noticed a mottled draconian
   891 | D        | Noticed a yellow draconian caller
   891 | D        | Noticed a yellow draconian
   891 | D        | Noticed a yellow draconian
   892 | D        | Killed a yellow draconian caller
   892 | D        | Killed a mottled draconian
   892 | D        | Killed a green draconian
   892 | D        | Killed a mottled draconian
   892 | D        | Killed a black draconian shifter
   892 | D        | Killed a yellow draconian
   892 | D        | Reached skill level 15 in Fighting
   892 | D        | Killed a yellow draconian
   892 | D        | Killed a mottled draconian
   892 | D        | Killed a red draconian
   892 | D        | Killed a yellow draconian
   892 | D        | Reached XP level 13. HP: 50/116 MP: 22/26
   892 | D        | Killed a red draconian
  1404 | D        | Entered arena 13.
  1406 | D        | Noticed a death ooze
  1406 | D        | Noticed a death ooze
  1406 | D        | Noticed an azure jelly
  1407 | D        | Killed a death ooze
  1407 | D        | Killed an azure jelly
  1410 | D        | Killed a death ooze
  1438 | D        | Entered arena 14.
  1441 | D        | Reached skill level 15 in Armour
  1441 | D        | Reached skill level 15 in Shields
  1454 | D        | Got the ring of the Heavens {Fire rElec}
  1565 | D        | Entered arena 15.
  1595 | D        | Got the ring of Fun {rC+ Str+4 SInv}
  1608 | D        | Entered arena 16.
  1612 | D        | Noticed an orc warlord
  1615 | D        | Reached skill level 15 in Axes
  1615 | D        | Killed an orc warlord
  1628 | D        | Got the amulet "Benwix" {Faith rC+ SInv}
  1638 | D        | Entered arena 17.
  1641 | D        | Noticed an orc warlord
  1643 | D        | Killed an orc warlord
  1643 | D        | Reached XP level 14. HP: 130/130 MP: 28/28
  1682 | D        | Entered arena 18.
  1685 | D        | Noticed Aizul
  1685 | D        | Noticed Saint Roka
  1685 | D        | Noticed Agnes
  1685 | D        | Noticed Psyche
  1685 | D        | Noticed Josephine
  1685 | D        | Noticed Gastronok
  1686 | D        | Noticed Blork the orc
  1686 | D        | Noticed Purgy
  1686 | D        | Noticed Pikel
  1686 | D        | Noticed Eustachio
  1686 | D        | Killed Blork the orc
  1686 | D        | Killed Purgy
  1686 | D        | Killed Menkaure
  1686 | D        | Killed Psyche
  1686 | D        | Killed Josephine
  1686 | D        | Killed Agnes
  1686 | D        | Killed Duvessa
  1686 | D        | Killed Pikel
  1686 | D        | Killed Eustachio
  1686 | D        | Killed Gastronok
  1686 | D        | Killed Grinder
  1686 | D        | Killed Saint Roka
  1686 | D        | Killed Urug
  1686 | D        | Killed Sigmund
  1687 | D        | Noticed Snorg
  1687 | D        | Noticed Polyphemus
  1689 | D        | Killed Snorg
  1689 | D        | Killed Aizul
  1689 | D        | Killed Polyphemus
  2022 | D        | Got the +2 pair of boots "Jiewapn" {rC+ MP-9 Str+8}
  2041 | D        | Entered arena 19.
  2062 | D        | Noticed an azure jelly
  2063 | D        | Noticed an acid blob
  2065 | D        | Noticed an acid blob
  2065 | D        | Killed an acid blob
  2065 | D        | Killed an acid blob
  2068 | D        | Killed an azure jelly
  2070 | D        | Noticed an acid blob
  2076 | D        | Killed an acid blob
  2301 | D        | Entered arena 20.
  2306 | D        | Noticed a spriggan defender
  2306 | D        | Noticed a thorn hunter
  2307 | D        | Noticed an apis
  2307 | D        | Noticed a spriggan defender
  2307 | D        | Gained mutation: You are significantly more attuned to the shadows. [demonic ancestry]
  2307 | D        | Reached XP level 15. HP: 142/142 MP: 30/30
  2307 | D        | Killed a thorn hunter
  2311 | D        | Killed a thorn hunter
  2314 | D        | Got the ring "Dizeegh" {Wiz rF++ Str+4}
  2563 | D        | Entered arena 21.
  2852 | D        | Got the ring "Eterujam" {*Corrode +Fly rF+ rC+++ Dex+8}
  2897 | D        | Entered arena 22.
  2906 | D        | Noticed a ghost moth
  2907 | D        | Noticed a ghost moth
  2910 | D        | Killed a ghost moth
  2910 | D        | Reached XP level 16. HP: 155/155 MP: 8/32
  3208 | D        | Got the ring of Ezovveot {+Fly rPois Slay+3}
  3270 | D        | Entered arena 23.
  3279 | D        | Reached skill level 1 in Dodging
  3287 | D        | Killed Dowan
  3619 | D        | Got the amulet "Miulug" {*Slow rC++ Regen+ Str+2 Int+3}
  3626 | D        | Got the amulet of Roirghiaps {Inacc +Blink rN+ MR+}
  3632 | D        | Got the ring of the Ancients {rElec Int+4}
  3675 | D        | Entered arena 24.
  3683 | D        | Noticed Ignacio
  3683 | D        | Noticed Asmodeus
  3683 | D        | Noticed Kirke
  3683 | D        | Noticed Jessica
  3683 | D        | Noticed Erica
  3683 | D        | Noticed the Serpent of Hell
  3683 | D        | Noticed Nellie
  3683 | D        | Noticed Margery
  3684 | D        | Noticed the Enchantress
  3684 | D        | Noticed Sojobo
  3684 | D        | Noticed the 27-headed Lernaean hydra
  3684 | D        | Killed Jessica
  3684 | D        | Killed the 27-headed Lernaean hydra
  3684 | D        | Reached skill level 5 in Dodging
  3684 | D        | Killed Edmund
  3684 | D        | Killed Erica
  3684 | D        | Killed Sojobo
  3684 | D        | Killed Kirke
  3685 | D        | Noticed Boris
  3685 | D        | Killed the Enchantress
  3685 | D        | Reached skill level 27 in Invocations
  3685 | D        | Killed Margery
  3685 | D        | Killed Nellie
  3686 | D        | Noticed Mara
  3686 | D        | Killed Erolcha
  3686 | D        | Killed Boris
  3686 | D        | Killed Nikola
  3686 | D        | Reached skill level 10 in Dodging
  3686 | D        | Killed the Serpent of Hell
  3686 | D        | Reached XP level 17. HP: 128/167 MP: 20/34
  3686 | D        | Killed Nergalle
  3691 | D        | Killed Mara
  3692 | D        | Noticed Antaeus
  3695 | D        | Noticed Chuck
  3698 | D        | Noticed Khufu
  3698 | D        | Killed Ignacio
  3715 | D        | Noticed a Brimstone Fiend
  3719 | D        | Killed Khufu
  3723 | D        | Killed Chuck
  3724 | D        | Killed Asmodeus
  3744 | D        | Killed Antaeus
  3744 | D        | Reached skill level 15 in Dodging
  4008 | D        | Entered arena 25.
  4029 | D        | Noticed a lich
  4031 | D        | Noticed a lich
  4033 | D        | Noticed a lich
  4034 | D        | Noticed a Brimstone Fiend
  4034 | D        | Noticed an ancient lich
  4037 | D        | Noticed a lich
  4039 | D        | Killed a lich
  4046 | D        | Gained mutation: You have a moderately thin skeletal structure. (Dex +4, Stealth+) [demonic ancestry]
  4046 | D        | Reached XP level 18. HP: 87/181 MP: 35/35
  4048 | D        | Killed a lich
  4048 | D        | Reached skill level 27 in Fighting
  4049 | D        | Killed a lich
  4049 | D        | Killed an ancient lich
  4529 | D        | Got the ring "Qaol" {rF+ Str+3}
  4711 | D        | Entered arena 26.
  4737 | D        | Noticed a lich
  4738 | D        | Noticed a lich
  4738 | D        | Killed a lich
  4738 | D        | Killed a lich
  4743 | D        | Reached skill level 27 in Armour
  4893 | D        | Got the ring of Xom's Amusement {rElec rC+ Str-2 Int+3 Dex+7}
  5000 | D        | Entered arena 27.
  5017 | D        | Reached skill level 27 in Shields
  5024 | D        | Gained mutation: You have an unnaturally thin skeletal structure. (Dex +6, Stealth++) [demonic ancestry]
  5024 | D        | Reached XP level 19. HP: 189/189 MP: 30/36
  5046 | D        | Got the ring "Aqeshrue" {rF++ Int+3 Stlth-}
  5171 | D        | Got the Orb of Zot
  5192 | D        | Gained mutation: You have claws for hands. [demonic ancestry]
  5192 | D        | Reached XP level 20. HP: 197/197 MP: 37/37
  5194 | D        | Escaped with the Orb!

Skill      XL: |  1  2  3  4  5  6  7  8  9 10 11 12 13 14 15 16 17 18 19 |
---------------+----------------------------------------------------------+-----
Fighting       | 4 5 6 7 8 9 11 12 13 15 18 20 22 24 26 27 | 27.0
Axes           | 3 4 5 6 7 8 10 11 12 14 16 18 20 | 20.7
Armour         | 4 5 6 8 9 10 11 12 14 16 17 19 21 24 27 | 27.0
Shields        | 4 5 6 8 9 10 11 13 14 15 17 19 21 24 27 | 27.0
Invocations    | 4 5 7 8 10 11 13 15 17 19 21 23 25 27 | 27.0
Dodging        | 11 16 22 23 | 23.5

Action                   |  1- 3 |  4- 6 |  7- 9 | 10-12 | 13-15 | 16-18 | 19-21 || total
-------------------------+-------+-------+-------+-------+-------+-------+-------++-------
Melee: Broad axe         |     2 |    10 |    22 |    52 |    84 |   140 |    11 ||   321
Invok: Disaster Area     |       |       |       |     4 |    10 |     9 |       ||    23
       Upheaval          |       |       |       |       |     3 |       |       ||     3
Evoke: Wand              |       |       |       |       |       |       |     8 ||     8
  Use: Potion            |       |       |       |     2 |       |    11 |     1 ||    14
       Scroll            |       |       |       |       |     4 |     4 |     1 ||     9
 Stab: Distracted        |       |       |       |       |     2 |     4 |       ||     6
       Invisible         |       |       |       |       |       |     1 |     4 ||     5
  Eat: Meat ration       |       |       |       |       |     2 |       |       ||     2
       Royal jelly       |       |       |       |       |       |     3 |       ||     3
       Fruit             |       |       |       |       |       |     1 |       ||     1
Armor: Plate armour      |     1 |     8 |     7 |    31 |    26 |    16 |       ||    89
       Gold dragon scale |       |       |       |       |       |    12 |       ||    12
Dodge: Dodged            |       |       |     1 |       |     1 |    14 |     2 ||    18
       Deflected         |       |       |       |     1 |       |     2 |       ||     3
Block: Shield            |     3 |    16 |    39 |   112 |   117 |   203 |     9 ||   499
